 Dungeon Crawl Stone Soup version 0.13.1-22-g086cdba (webtiles) character file.

300 Kae the Insei (level 4, -2/35 HPs)
             Began as a Draconian Transmuter on Jan 1, 2014.
             Killed by divine providence
             ... invoked by an orc priest
              (14 damage)
             ... on Level 4 of the Dungeon.
             The game lasted 00:04:01 (2857 turns).

Kae the Insei (Draconian Transmuter)                Turns: 2857, Time: 00:04:01

HP  -2/35        AC  5     Str 12      XL: 4   Next: 37%
MP   6/6         EV 12     Int 14      God:
Gold 207         SH  0     Dex 12      Spells:  3 memorised,  1 level left

Res.Fire  : . . .   See Invis. : .     - Unarmed
Res.Cold  : . . .   Warding    : .   (armour unavailable)
Life Prot.: . . .   Conserve   : .   (no shield)
Res.Poison: .       Res.Corr.  : .   (helmet restricted)
Res.Elec. : .       Clarity    : .   (no cloak)
Sust.Abil.: . .     Spirit.Shd : .   (no gloves)
Res.Mut.  : .       Stasis     : .   (no boots)
Res.Rott. : .       Flight     : .   (no amulet)
Saprovore : . . .                    (no ring)
                                     (no ring)

@: slightly resistant to hostile enchantments, unstealthy
A: unfitting armour, AC +5
a: no special abilities


You were on level 4 of the Dungeon.
You were very hungry.

You visited 1 branch of the dungeon, and saw 4 of its levels.

You collected 187 gold pieces.

Inventory:

Missiles
 b - 12 arrows
 t - 18 arrows of flame
Comestibles
 a - 4 bread rations
 i - a sausage
Scrolls
 c - a scroll of curse weapon {unknown}
 h - 4 scrolls of remove curse {unknown}
 j - a scroll of blinking {unknown}
 k - a scroll of fog {unknown}
 l - 4 scrolls of identify {unknown}
 m - a scroll of amnesia {unknown}
 p - a scroll of enchant armour {unknown}
 s - a scroll of random uselessness {unknown}
 u - 2 scrolls of curse jewellery {unknown}
Potions
 e - 2 potions of curing
 n - a potion of brilliance {unknown}
 o - a potion of heal wounds {unknown}
 q - a potion of agility {unknown}
 r - a potion of poison {unknown}
 v - 2 potions of resistance {unknown}
Books
 d - a book of Changes

   Spells                             Type                      Level
   *Beastly Appendage                 Transmutation                1
   *Sticks to Snakes                  Transmutation                2
   *Spider Form                       Transmutation/Poison         3
   Ice Form                           Ice/Transmutation            4
   Blade Hands                        Transmutation                5


   Skills:
 - Level 1.1 Fighting
 - Level 1.7 Dodging
 * Level 4.6 Unarmed Combat
 - Level 2.0 Spellcasting
 + Level 3.0 Transmutations


You had one spell level left.
You knew the following spells:

 Your Spells              Type           Power        Failure   Level  Hunger
a - Beastly Appendage     Trmt           #.....       10%         1    ##.....
b - Sticks to Snakes      Trmt           #.........   12%         2    ###....
c - Spider Form           Trmt/Pois      #.........   38%         3    ####...


Dungeon Overview and Level Annotations

Branches:
Dungeon (4/27)
 Temple: D:4-7

Altars:

Annotations:
D:4 Grinder


Message History

The orc wizard hits you with an orcish dagger.
* * * LOW HITPOINT WARNING * * *
You hit the orc but do no damage. You headbutt the orc.
You kill the orc!
Your horns disappear.
The bat hits you but does no damage. The bat barely misses you.
The orc wizard glows brightly for a moment.
The bat closely misses you. The orc wizard casts a spell at you.
The magic dart hits you!
* * * LOW HITPOINT WARNING * * *
The bat hits you but does no damage.
The orc wizard's eyes start to glow.
The bat hits you but does no damage.
An orc comes into view.
The orc shouts!
The bat closely misses you.
The orc priest mumbles some strange prayers to Beogh against you.
Something smites you!
You die...

. ... .# .# .# .# .# . #.
#.# ..# ##..###+#.+ ...#
...........@.# ....#
#.o........o..###+##.....#
##....######.b............#
..... #................ #...
#.o...########## #...
#)....# #...######o....#
#...o..........#########
...?........................


You could see an orc priest, an orc wizard, an orc and a bat.

Vanquished Creatures
  4 adders
  2 worms
  An ooze (D:3)
  2 orcs
  A giant cockroach (D:1)
  4 hobgoblins
  5 jackals
  3 bats
  3 giant newts
  6 goblins
  7 kobolds
  A quokka (D:2)
  8 rats
47 creatures vanquished.

Notes
Turn   | Place    | Note
--------------------------------------------------------------
     0 | D:1      | Kae, the Draconian Transmuter, began the quest for the Orb.
     0 | D:1      | Reached XP level 1. HP: 16/16 MP: 1/1
   112 | D:1      | Reached XP level 2. HP: 23/23 MP: 3/3
  1189 | D:2      | Reached skill level 4 in Unarmed Combat
  1189 | D:2      | Reached XP level 3. HP: 23/28 MP: 4/4
  2482 | D:3      | Reached XP level 4. HP: 32/35 MP: 4/6
  2502 | D:3      | Learned a level 2 spell: Sticks to Snakes
  2506 | D:3      | Learned a level 3 spell: Spider Form
  2618 | D:3      | Noticed Grinder
  2618 | D:3      | Paralysed by Grinder for 3 turns
  2857 | D:4      | Killed from afar by an orc priest

Action                   |  1- 3 |  4- 6 || total
-------------------------+-------+-------++-------
Melee: Unarmed           |   170 |    33 ||   203
 Cast: Beastly Appendage |     4 |     6 ||    10
  Use: Scroll            |       |     4 ||     4
       Potion            |       |     3 ||     3
 Stab: Sleeping          |     1 |       ||     1
